 Dungeon Crawl Stone Soup version 0.21.1-1-g345015f (webtiles) character file.

49 Sharkov the Gusty (level 3, 0/20 HPs)
             Began as a Tengu Air Elementalist on Mar 30, 2018.
             Slain by Sharkov's ghost (8 damage)
             ... on level 3 of the Dungeon.
             The game lasted 00:05:11 (1874 turns).

Sharkov the Gusty (Tengu Air Elementalist)          Turns: 1874, Time: 00:05:12

Health: 0/20       AC:  2    Str:  8    XL:     3   Next: 77%
Magic:  3/7        EV: 12    Int: 16    God:
Gold:   42         SH:  0    Dex: 14    Spells: 3/6 levels left

rFire    . . .     SeeInvis .   l - +0 spear
rCold    . . .     Gourm    .   (no shield)
rNeg     . . .     Faith    .   a - +0 robe
rPois    .         Spirit   .   (helmet restricted)
rElec    .         Reflect  .   (no cloak)
rCorr    .         Harm     .   (no gloves)
MR       .....                  (boots unavailable)
Stlth    ++........             (no amulet)
HPRegen  0.06/turn              (no ring)
MPRegen  0.10/turn              (no ring)

@: swift, very quick
A: beak, talons 3
a: no special abilities


You were on level 3 of the Dungeon.
You were not hungry.

You visited 1 branch of the dungeon, and saw 3 of its levels.

You collected 42 gold pieces.

Inventory:

Hand Weapons
 l - a +0 spear (weapon)
Missiles
 h - 2 javelins (quivered)
Armour
 a - a +0 robe (worn)
Scrolls
 j - a scroll of enchant weapon {unknown}
 k - 2 scrolls of teleportation {unknown}
 n - a scroll of identify {unknown}
 q - a scroll of remove curse {unknown}
Potions
 d - a potion of degeneration {unknown}
 e - a potion of cancellation {unknown}
 f - 2 potions of lignification {unknown}
 g - 2 potions of curing {unknown}
 i - a potion of berserk rage {unknown}
 m - a potion of haste {unknown}
 o - a potion of might {unknown}
 p - a potion of brilliance {unknown}
Books
 b - a book of Air

   Spells                             Type                      Level
   a - Shock                          Conjuration/Air              1
   b - Swiftness                      Charms/Air                   2
   c - Static Discharge               Conjuration/Air              3
   d - Airstrike                      Air                          4
   e - Lightning Bolt                 Conjuration/Air              5
Comestibles
 c - 3 rations


   Skills:
 + Level 0.4 Fighting
 - Level 2.1 Dodging
 - Level 2.0 Stealth
 - Level 2.2 Spellcasting
 - Level 1.8 Conjurations
 - Level 5.6 Air Magic


You had 3 spell levels left.
You knew the following spells:

 Your Spells              Type           Power        Failure   Level  Hunger
a - Shock                 Conj/Air       ##..         4%          1    #......
b - Swiftness             Chrm/Air       ##......     10%         2    ###....


Dungeon Overview and Level Annotations

Branches:
Dungeon (3/15)

Altars:
Uskayaw

Annotations:
D:3 Sharkov's ghost, weakling MfMo


Innate Abilities, Weirdness & Mutations

You have a beak for a mouth.
You have claws for feet.


Message History

Aiming: Shock
Press: ? - help, Shift-Dir - straight line, f/p - Sharkov's ghost
Aim: Sharkov's ghost The zap misses Sharkov's ghost.
Okay, then.
Okay, then.
Casting: Shock
Confirm with . or Enter, or press ? or * to list all spells.
Okay, then.
Casting: Shock
Confirm with . or Enter, or press ? or * to list all spells.
You feel quick. Sharkov's ghost hits you!
Ouch! That really hurt!
You hit Sharkov's ghost. Your kick misses Sharkov's ghost.
Sharkov's ghost is lightly damaged.
Sharkov's ghost hits you.
You hit Sharkov's ghost. You claw Sharkov's ghost.
Sharkov's ghost is moderately damaged.
Sharkov's ghost hits you!
You die...

### ..# #.# ########.#
##......#.#####################
.'...........W@.....)..........
.#...##.#.##########.......####
... #.<#.# #.......#### .
####.# #.......##.. #+#
#...######.# #...# #...# #...#
#...#


You could see Sharkov's ghost.

Vanquished Creatures
  An ooze (D:3)
  An adder zombie (D:1)
  2 dart slugs (D:1)
  2 leopard geckos (D:1)
  A giant cockroach (D:2)
  5 goblins
  3 hobgoblins
  A quokka (D:2)
  A ball python zombie (D:1)
  3 bats (D:1)
  4 frilled lizards
  6 kobolds
  5 rats (D:1)
35 creatures vanquished.

Notes
Turn   | Place    | Note
-------+----------+-------------------------------------------
     0 | D:1      | Sharkov the Tengu Air Elementalist began the quest for the Orb.
     0 | D:1      | Reached XP level 1. HP: 10/10 MP: 4/4
   232 | D:1      | Reached XP level 2. HP: 11/15 MP: 4/6
   492 | D:1      | Reached skill level 5 in Air Magic
   555 | D:1      | Learned a level 2 spell: Swiftness
   726 | D:1      | Reached XP level 3. HP: 19/19 MP: 7/7
  1006 | D:2      | Found a hide-covered altar of Uskayaw.
  1863 | D:3      | Noticed Sharkov's ghost (weakling MfMo)
  1874 | D:3      | Slain by Sharkov's ghost

Skill      XL: |  1  2 |
---------------+-------+-----
Air Magic      | 5 |  5.6
Fighting       | |  0.4
Dodging        | |  2.1
Stealth        | |  2.0
Spellcasting   | |  2.2
Conjurations   | |  1.8

Action                   || total
-------------------------++-------
Melee: Unarmed           ||    22
       Peck              ||    14
       Kick              ||    19
       Club              ||    22
       Hand axe          ||    15
       Dagger            ||     8
       Spear             ||     7
Throw: Javelin           ||     1
 Cast: Shock             ||    11
       Swiftness         ||     1
 Stab: Sleeping          ||     2
  Eat: Chunk             ||     2
       Ration            ||     1
Armor: Robe              ||    18
Dodge: Dodged            ||    73
